 Dungeon Crawl Stone Soup version 0.23.0 (webtiles) character file.

Game seed: 4741003466101161106

50 Monsterracer the Grasshopper (level 3, -1/16 HPs)
             Began as a Felid Warper on Feb 18, 2019.
             Slain by a worker ant (7 damage)
             ... on level 3 of the Dungeon.
             The game lasted 00:01:48 (1623 turns).

Monsterracer the Grasshopper (Felid Warper)         Turns: 1623, Time: 00:01:49

Health: -1/16      AC:  1    Str:  7    XL:     3   Next: 55%
Magic:  7/7        EV: 18    Int: 18    God:
Gold:   80         SH:  0    Dex: 15    Spells: 4/6 levels left
                                        Lives:  0   Deaths: 0

rFire    . . .     SeeInvis +     - Unarmed
rCold    . . .     Gourm    .   (shield unavailable)
rNeg     . . .     Faith    .   (armour unavailable)
rPois    .         Spirit   .   (helmet unavailable)
rElec    .         Reflect  .   (cloak unavailable)
rCorr    .         Harm     .   (gloves unavailable)
MR       .....                  (boots unavailable)
Stlth    ++........             (no amulet)
HPRegen  0.05/turn              j - +3 ring of intelligence
MPRegen  0.10/turn              (no ring)

@: lethally poisoned (-1 -> -11), quick
A: very small, no armour, no weapons or thrown items, stealth, claws 1, fangs 3,
see invisible, carnivore, speed 1, shaggy fur 1, slow metabolism 1, sharp paws
a: no special abilities


You were on level 3 of the Dungeon.
You were completely stuffed.

You visited 1 branch of the dungeon, and saw 3 of its levels.

You collected 80 gold pieces.

Inventory:

Jewellery
 j - a +3 ring of intelligence (left paw)
Scrolls
 i - a scroll of random uselessness {unknown}
 l - a scroll of fear {unknown}
 m - 3 scrolls of fog
 r - 2 scrolls of remove curse
 X - a scroll of blinking
Potions
 a - 2 potions of cancellation
 b - a potion of mutation {unknown}
 e - 5 potions of curing
 g - a potion of heal wounds {unknown}
 h - 2 potions of haste
 n - 2 potions of flight
Comestibles
 c - 6 rations
 o - a chunk of flesh


   Skills:
 + Level 2.8 Fighting
 - Level 3.2 Dodging
 * Level 3.4 Unarmed Combat
 - Level 2.0 Spellcasting
 - Level 4.4 Translocations


You had 4 spell levels left.
You knew the following spells:

 Your Spells              Type           Power        Failure   Level  Hunger
e - Blink                 Tloc           N/A          4%          2    ###....

Your spell library contained the following spells:

 Spells                   Type           Power        Failure   Level  Hunger
 Gell's Gravitas          Tloc           ###.......   9%          3    ###....
 Lesser Beckoning         Tloc           ###.......   9%          3    ###....
 Teleport Other           Tloc           ###.....     9%          3    ###....
 Shroud of Golubria       Chrm/Tloc      #.........   11%         2    ###....
 Passage of Golubria      Tloc           N/A          30%         4    #####..


Dungeon Overview and Level Annotations

Branches:
Dungeon (3/15)

Altars:


Innate Abilities, Weirdness & Mutations

You cannot wear armour.
You are incapable of wielding weapons or throwing items.
Your paws allow you to move quietly. (Stealth)
You have sharp claws.
You have razor-sharp teeth.
You have supernaturally acute eyesight. (SInv)
You are carnivorous and can eat meat at any time.
You cover ground quickly.
You are covered in fur. (AC +1)
You have a slow metabolism.
Your sharp claws are effective at attacking unaware monsters.


Message History

Found 17 stones.
No target in view!
Found a glowing dagger.
No target in view!
No target in view!
l - a scroll labeled COF SACOMIUZXA No target in view!
You see here a glowing dagger.
Found a stone staircase leading up.
No target in view!
There is an open door here.
You see here a jackal skeleton.
There is an open door here.
There is an open door here.
Key pressed, stopping explore.
There is a large open door here.
There is a large open door here.
You see here a whip.
There is a stone staircase leading down here.
You see here a +0 dagger.
Found a stone staircase leading down.
m - 3 scrolls labeled VINARE UMYMMA You open the door.
There is an open door here.
n - 2 blue potions A goblin comes into view.
It is wielding a +0 dagger.
A goblin is nearby!
The goblin misses you.
You scratch the goblin.
The goblin is heavily wounded.
The goblin barely misses you.
You closely miss the goblin.
The goblin is heavily wounded.
The goblin misses you.
You scratch the goblin.
You kill the goblin!
No target in view!
No target in view!
Things that are here:
a +0 dagger; a goblin corpse You butcher the goblin corpse.
o - 3 chunks of flesh
Things that are here:
a +0 dagger; a goblin skeleton
Things that are here:
a +0 dagger; a goblin skeleton Eating one of 3 chunks of flesh.
You eat one of the 3 chunks of flesh.
This raw flesh tastes great.
Eating one of 2 chunks of flesh.
You eat one of the 2 chunks of flesh.
This raw flesh tastes great.
There is a stone staircase leading down here.
Done exploring.
Done exploring.
Done exploring.
There is a stone staircase leading down here.
You climb downwards.
There is a stone staircase leading up here.
As you read the scroll labeled ONKANAI KENA, it crumbles to dust.
You feel blessed for a moment.
It was a scroll of remove curse.
r - 2 scrolls of remove curse
As you read the scroll labeled YNEERESADA, it crumbles to dust.
It is a scroll of amnesia.
Okay, then.
As you read the scroll labeled SIT ZARAOKOLAO, it crumbles to dust.
It is a scroll of identify.
j - 2 potions of haste;
h - 2 potions of haste
j - a +3 ring of intelligence (left paw)
f - 4 scrolls of identify
As you read the scroll of identify, it crumbles to dust.
e - 2 potions of cancellation
As you read the scroll of identify, it crumbles to dust.
a - 5 potions of curing;
e - 5 potions of curing;
a - 2 potions of cancellation
As you read the scroll of identify, it crumbles to dust.
n - 2 potions of flight
As you read the scroll of identify, it crumbles to dust.
m - 3 scrolls of fog A dart slug comes into view.
Found a stone staircase leading down.
A dart slug is nearby!
A worker ant comes into view.
The dart slug bites you.
You take 1 damage, and have 15/16 hp.
You scratch the dart slug but do no damage.
You barely miss the dart slug. The dart slug misses you.
A kobold comes into view. It is wielding a +0 short sword.
The kobold shouts!
You scratch the dart slug.
The dart slug is severely wounded.
You scratch the dart slug.
You kill the dart slug!
You scratch the worker ant but do no damage.
The kobold hits you with a +0 short sword.
The worker ant bites you.
* * * LOW HITPOINT WARNING * * *
You are lethally poisoned!
The worker ant poisons you!
You take 8 damage, and have 7/16 hp.
MASSIVE DAMAGE!!
* * * LOW HITPOINT WARNING * * *
You feel sick. The kobold barely misses you. The worker ant bites you!
You die...

######################
#<...........@........
###########..aK#######
#>....... #....####
##....? .......
........# ..........


You could see a worker ant and a kobold.

Vanquished Creatures
  Jessica (D:2)
  2 dart slugs
  3 bats
  A giant cockroach (D:2)
  3 goblins
  A hobgoblin (D:1)
  2 jackals (D:2)
  2 kobolds
  4 rats (D:1)
19 creatures vanquished.

Notes
Turn   | Place    | Note
-------+----------+-------------------------------------------
     0 | D:1      | Monsterracer the Felid Warper began the quest for the Orb.
     0 | D:1      | Reached XP level 1. HP: 9/9 MP: 4/4
   189 | D:1      | Reached XP level 2. HP: 13/13 MP: 6/6
   193 | D:1      | Learned a level 2 spell: Blink
   648 | D:2      | Noticed Jessica
   654 | D:2      | Killed Jessica
   654 | D:2      | Reached XP level 3. HP: 16/16 MP: 7/7
   708 | D:2      | HP: 3/16 [worm (11)]
  1622 | D:3      | HP: 7/16 [worker ant (6)]
  1623 | D:3      | Slain by a worker ant

Skill      XL: |  1  2 |
---------------+-------+-----
Unarmed Combat | 3 |  3.4
Fighting       | |  2.8
Dodging        | |  3.2
Spellcasting   | |  2.0
Translocations | |  4.4

Action                   || total
-------------------------++-------
Melee: Unarmed           ||    66
       Bite              ||     3
  Use: Scroll            ||     7
 Stab: Sleeping          ||     3
  Eat: Chunk             ||     8
Armor: Skin              ||     4
Dodge: Dodged            ||    57

Levels and vault maps discovered:
D:1:      dpeg_arrival_connections, layout_loops_ring
D:2:      layout_basic, uniq_jessica
D:3:      lemuel_castle_with_subvaults [lemuel_castle_interior_carwin_3],
          layout_basic, ebering_dispersal_statue_hall
